 Dungeon Crawl Stone Soup version 0.27.1-4-g1640c2035a (webtiles) character file.

Game seed: 6427882484268996267

83 MisterFreud the Sneak (level 4, 0/38 HPs)
             Began as a Gnoll Wanderer on Nov 8, 2021.
             Slain by an orc priest (4 damage)
             ... on level 3 of the Dungeon.
             The game lasted 00:01:56 (2126 turns).

MisterFreud the Sneak (Gnoll Wanderer)              Turns: 2126, Time: 00:01:57

Health: 0/38       AC:  2    Str: 13    XL:     4   Next: 44%
Magic:  5/5        EV: 11    Int: 13    God:
Gold:   54         SH:  0    Dex:  9    Spells: 5/5 levels left

rFire    . . .     SeeInvis .   a - +2 short sword
rCold    . . .     Faith    .   (no shield)
rNeg     . . .     Spirit   .   d - +0 robe
rPois    .         Reflect  .   (no helmet)
rElec    .         Harm     .   (no cloak)
rCorr    .         Rampage  .   (no gloves)
Will     .....                  (no boots)
Stlth    +++.......             (no amulet)
HPRegen  0.12/turn              (no ring)
MPRegen  0.09/turn              (no ring)

@: no status effects
A: fangs 1, strong nose, distributed training
a: no special abilities


You were on level 3 of the Dungeon.
You visited 1 branch of the dungeon, and saw 3 of its levels.

You collected 54 gold pieces.

Inventory:

Hand Weapons
 a - a +2 short sword (weapon)
 e - a +0 dagger
Missiles
 c - a throwing net (quivered)
Armour
 d - a +0 robe (worn)
Jewellery
 f - a ring of resist corrosion
Scrolls
 b - 4 scrolls of teleportation
 k - a scroll of enchant weapon {unknown}
 n - a scroll of acquirement {unknown}
Potions
 g - 3 potions of brilliance {unknown}
 h - 2 potions of curing {unknown}
 i - a potion of berserk rage {unknown}
 j - a potion of heal wounds {unknown}
 l - a potion of haste {unknown}
 m - 3 potions of flight {unknown}


   Skills:
 + Level 4.6 Fighting
 + Level 4.6 Short Blades
 + Level 1.1 Long Blades
 + Level 1.1 Axes
 + Level 1.1 Maces & Flails
 + Level 1.1 Polearms
 + Level 1.1 Staves
 + Level 1.1 Slings
 + Level 1.1 Bows
 + Level 1.1 Crossbows
 + Level 2.7 Throwing
 + Level 1.1 Armour
 + Level 1.1 Dodging
 + Level 6.0 Stealth
 + Level 1.1 Shields
 + Level 4.6 Unarmed Combat
 + Level 1.1 Spellcasting
 + Level 0.9 Conjurations
 + Level 0.9 Hexes
 + Level 0.9 Summonings
 + Level 0.9 Necromancy
 + Level 0.9 Translocations
 + Level 0.9 Transmutations
 + Level 0.9 Fire Magic
 + Level 0.9 Ice Magic
 + Level 0.9 Air Magic
 + Level 0.9 Earth Magic
 + Level 0.9 Poison Magic
 + Level 1.2 Invocations
 + Level 1.1 Evocations


You had 5 spell levels left.
You didn't know any spells.
Your spell library was empty.

Dungeon Overview and Level Annotations

Branches:
Dungeon (3/15)

Altars:


Innate Abilities, Weirdness & Mutations

You have very sharp teeth.
Your uncanny sense of smell can sniff out nearby items.
Your experience applies equally to all skills.


Message History

You climb upwards.
There is a stone staircase leading down here.
The orc barely misses you.
You hit the frilled lizard.
You kill the frilled lizard!
The orc barely misses you.
You hit the orc. Your punch misses the orc.
The orc is moderately wounded.
The orc closely misses you.
You hit the orc. You bite the orc, but do no damage.
The orc is heavily wounded.
You hit the orc.
You kill the orc!
No target in view!
Things that are here:
a +0 flail; a +0 ring mail HP restored.
You see here a +0 dagger.
There is a stone staircase leading down here.
You climb downwards.
There is a stone staircase leading up here.
The orc priest shouts!
An orc priest is nearby!
An orc priest is nearby!
The orc priest misses you.
The orc priest hits you with a +0 trident.
You barely miss the orc priest.
The orc priest invokes the aid of Beogh against you.
Pain shoots through your body!
You closely miss the orc priest.
The orc priest hits you with a +0 trident.
You hit the orc priest. Your bite misses the orc priest.
The orc priest is moderately wounded.
The orc priest mumbles some strange prayers to Beogh against you.
Pain shoots through your body! The orc priest closely misses you.
The orc priest hits you with a +0 trident.
The orc priest hits you with a +0 trident!
* * * LOW HITPOINT WARNING * * *
The orc priest hits you from afar with a +0 trident.
You die...

.. . . #
.###.# ###...
#<#.## #....#
#...#..#
#####@.#
####.##.#
#..o..#.#..
#...o.#.#..
#.....#.#.# ∆
#.?...#.#.#
#.....#.#.###
##...#...#.#..
#..........#.#


You could see 2 orc priests.

Vanquished Creatures
  3 gnolls (D:2)
  2 adders (D:2)
  3 worms (D:2)
  A dart slug (D:1)
  An orc (D:2)
  4 giant cockroaches (D:2)
  2 goblins (D:2)
  3 hobgoblins
  A quokka (D:1)
  A ball python (D:1)
  2 bats (D:2)
  2 frilled lizards (D:2)
  2 kobolds (D:2)
  A rat (D:2)
28 creatures vanquished.

Notes
Turn   | Place    | Note
-------+----------+-------------------------------------------
     0 | D:1      | MisterFreud the Gnoll Wanderer began the quest for the Orb.
     0 | D:1      | MisterFreud set off with the following items: a +2 short
                  | sword, a scroll of teleportation, a potion of
                  | lignification, a +0 robe, a +0 dagger
     0 | D:1      | Reached XP level 1. HP: 20/20 MP: 1/1
   574 | D:2      | Reached XP level 2. HP: 22/26 MP: 2/2
   655 | D:2      | Reached XP level 3. HP: 31/31 MP: 3/3
   662 | D:2      | Reached skill level 6 in Stealth
   764 | D:2      | Reached skill level 1 in Invocations
   941 | D:2      | Reached skill level 1 in Long Blades
   941 | D:2      | Reached skill level 1 in Axes
   941 | D:2      | Reached skill level 1 in Maces & Flails
   941 | D:2      | Reached skill level 1 in Polearms
   941 | D:2      | Reached skill level 1 in Staves
   941 | D:2      | Reached skill level 1 in Slings
   941 | D:2      | Reached skill level 1 in Bows
   941 | D:2      | Reached skill level 1 in Crossbows
   941 | D:2      | Reached skill level 1 in Armour
   941 | D:2      | Reached skill level 1 in Dodging
   941 | D:2      | Reached skill level 1 in Shields
   941 | D:2      | Reached skill level 1 in Spellcasting
   941 | D:2      | Reached skill level 1 in Evocations
   952 | D:2      | Reached XP level 4. HP: 38/38 MP: 5/5
  1024 | D:2      | Found a faded altar of an unknown god.
  2126 | D:3      | Slain by an orc priest

Illustrated notes

Levels and vault maps discovered:
D:1:      ncdulo_halloftheorcs, layout_basic, serial_forest,
          infiniplex_forest_lined_ring, infiniplex_forest_corner_2,
          infiniplex_forest_3_way, infiniplex_forest_lined_room_,
          infiniplex_forest_straight_3, infiniplex_forest_lined_2,
          infiniplex_forest_corner_1, infiniplex_forest_end_2,
          grunt_decor_one_mirror, minmay_misc_feat_doors
D:2:      layout_loops_ring, dreamdust_ecumenical_altar_angels_and_demons
D:3:      layout_basic, minmay_increasing_density, uniq_jessica, uniq_ijyb

Skill      XL: |  1  2  3 |
---------------+----------+-----
Stealth        | 6 |  6.0
Invocations    | 1 |  1.2
Long Blades    | 1 |  1.1
Axes           | 1 |  1.1
Maces & Flails | 1 |  1.1
Polearms       | 1 |  1.1
Staves         | 1 |  1.1
Slings         | 1 |  1.1
Bows           | 1 |  1.1
Crossbows      | 1 |  1.1
Armour         | 1 |  1.1
Dodging        | 1 |  1.1
Shields        | 1 |  1.1
Spellcasting   | 1 |  1.1
Evocations     | 1 |  1.1
Fighting       | |  4.6
Short Blades   | |  4.6
Throwing       | |  2.7
Unarmed Combat | |  4.6
Conjurations   | |  0.9
Hexes          | |  0.9
Summonings     | |  0.9
Necromancy     | |  0.9
Translocations | |  0.9
Transmutations | |  0.9
Fire Magic     | |  0.9
Ice Magic      | |  0.9
Air Magic      | |  0.9
Earth Magic    | |  0.9
Poison Magic   | |  0.9

Action                   |  1- 3 |  4- 6 || total
-------------------------+-------+-------++-------
Melee: Short sword       |    46 |    64 ||   110
       Bite              |     3 |     4 ||     7
       Punch             |       |     1 ||     1
  Use: Potion            |     1 |       ||     1
 Stab: Sleeping          |     4 |     4 ||     8
Armor: Robe              |     7 |     6 ||    13
       Skin              |    15 |       ||    15
Dodge: Dodged            |     9 |    33 ||    42
